 Dungeon Crawl Stone Soup version 0.29.1-debian-1-gc3f1650bb9 (webtiles) character file.

Game seed: 10537029280037204147

133 ytrimaz the Trooper (level 4, -10/37 HPs)
             Began as a Demonspawn Gladiator on Sept 12, 2022.
             Mangled by Menkaure (16 damage)
             ... on level 4 of the Dungeon.
             The game lasted 00:03:30 (2758 turns).

ytrimaz the Trooper (Demonspawn Gladiator)          Turns: 2758, Time: 00:03:31

Health: -10/37     AC: 13    Str: 15 (16) XL:     4   Next: 94%
Magic:  4/4        EV:  4    Int: 10      God:
Gold:   170        SH:  0    Dex: 13 (14) Spells: 3/3 levels left

rFire   + + .      SeeInvis .   a - +1 war axe (vamp)
rCold   + . .      Faith    .   (no shield)
rNeg    . . .      Spirit   .   n - +0 plate armour
rPois   +          Reflect  .   i - +1 hat
rElec   +          Harm     .   (no cloak)
rCorr   +          Rampage  .   (no gloves)
Will    .....                   c - +1 pair of boots
Stlth   ..........              (no amulet)
HPRegen 0.12/turn               h - ring of protection from fire
MPRegen 0.18/turn               (no ring)

@: confused, resistant, ambrosia-drunk
A: horns 1, magic regeneration
a: no special abilities


You were on level 4 of the Dungeon.
You visited 1 branch of the dungeon, and saw 4 of its levels.

You collected 170 gold pieces.


Innate Abilities, Weirdness & Mutations

You have a pair of small horns on your head.
You regenerate magic rapidly.


   Skills:
 - Level 4.2 Fighting
 + Level 3.7 Axes
 - Level 1.7 Throwing
 + Level 0.6 Armour
 - Level 2.6 Dodging


You had 3 spell levels left.
You didn't know any spells.
Your spell library contained the following spells:

 Spells                   Type           Power      Damage    Failure   Level
 Tukima's Dance           Hex            0%         N/A       100%        3
 Passage of Golubria      Tloc           0%         N/A       100%        4
 Yara's Violent Unravell  Hex/Tmut       0%         3d3       100%        5

Inventory:

Hand Weapons
 a - a +1 vampiric war axe (weapon)
 b - a +0 hand axe
   (You found it on level 2 of the Dungeon)
Missiles
 d - 3 throwing nets (quivered)
 e - a javelin
Armour
 c - a +1 pair of boots (worn)
   (You found it on level 1 of the Dungeon)
 f - a +0 ring mail
   (You found it on level 1 of the Dungeon)
 i - a +1 hat (worn)
   (You found it on level 1 of the Dungeon)
 n - a +0 plate armour (worn)
   (You found it on level 2 of the Dungeon)
Jewellery
 h - a ring of protection from fire (left hand)
   (You found it on level 1 of the Dungeon)
Scrolls
 k - 2 scrolls of teleportation
 o - a scroll of identify
 v - a scroll of enchant armour
Potions
 l - a potion of magic
 m - a potion of curing {unknown}
 p - a potion of attraction {unknown}
 q - a potion of mutation {unknown}

Dungeon Overview and Level Annotations

Branches:
Dungeon (4/15) Zot: 21197
 Temple: D:4-7

Altars:
Qazlal

Annotations:
D:4 Menkaure

####.##.##..####.#
#.##.#........#
#........######
####.##..########
#.##..........
#.##..########
#.....# ###...#
#.M@#
#.....)......
.......##.####.
###.#.## ... ####
##. .# .


You could see Menkaure.


Message History

As you read the scroll labelled QILETY HISK, it crumbles to dust.
It is a scroll of enchant weapon.
Your +0 war axe glows red for a moment.
As you read the scroll labelled XAPPITHRUUMI, it crumbles to dust.
It is a scroll of identify.
s - a scroll of brand weapon
As you read the scroll of brand weapon, it crumbles to dust.
Your +1 war axe thirsts for the lives of mortals!
a - a +1 vampiric war axe (weapon)
The air fills with toxic fumes!
As you read the scroll labelled LIETZOB UKA, it crumbles to dust.
It was a scroll of poison.
Unknown command.
You start waiting.
Done waiting.
As you read the scroll labelled XIKIODUETH, it crumbles to dust.
It is a scroll of amnesia.
You feel forgetful for a moment.
Unknown command.
Done exploring.
Done exploring.
Unknown command.
There is a stone staircase leading down here.
You climb downwards.
There is a stone staircase leading up here.
Unknown command.
An endoplasm comes into view.
The endoplasm quivers.
An endoplasm is nearby!
An endoplasm is nearby!
The endoplasm hits you but does no damage.
You slash the endoplasm!
You kill the endoplasm!
A giant cockroach comes into view.
A giant cockroach is nearby!
Unknown command.
A giant cockroach is nearby!
A giant cockroach is nearby!
The giant cockroach bites you but does no damage.
You slash the giant cockroach!
You kill the giant cockroach!
No target in view!
No target in view!
Unknown command.
Key pressed, stopping explore.
o - a scroll of identify Key pressed, stopping explore.
Key pressed, stopping explore.
Unknown command.
You now have 170 gold pieces (gained 6).
An orc comes into view. It is wielding a +0 short sword.
The orc shouts!
An orc is nearby!
An orc is nearby!
An orc is nearby!
An orc is nearby!
No target in view!
Menkaure, Prince of Dust comes into view.
Menkaure shouts!
The orc hits you but does no damage.
You hit the orc. The orc hits you but does no damage.
You barely miss the orc. The orc hits you but does no damage. x2
You closely miss the orc. The orc hits you but does no damage.
You hit Menkaure. You hit the orc.
You kill the orc!
Menkaure hits you.
You hit Menkaure. Menkaure hits you. 😕 HP[-4]
You take 4 damage, and now have 33/37 hp.
Unknown command.
You hit Menkaure but do no damage. Menkaure hits you! 😮 HP[-9]
You take 9 damage, and now have 24/37 hp.
MASSIVE DAMAGE!! (PAUSE)
You barely miss Menkaure. Menkaure hits you!
* * * LOW HITPOINT WARNING * * *
😱 HP[-15]
You take 15 damage, and now have 9/37 hp.
MASSIVE DAMAGE!! (PAUSE)
You completely miss Menkaure.
You headbutt Menkaure, but do no damage.
Menkaure hits you.
* * * LOW HITPOINT WARNING * * *
😱 HP[-5]
You take 5 damage, and now have 4/37 hp.
Unknown command.
It was a potion of ambrosia.
You are confused.
You feel invigorated.
Menkaure hits you but does no damage. 😱 HP[+5]
You regained 5 hp, and now have 9/37 hp.
It was a potion of magic.
Magic courses through your body. Menkaure hits you!
* * * LOW HITPOINT WARNING * * *
😱 HP[-8]
You take 8 damage, and now have 1/37 hp.
MASSIVE DAMAGE!! (PAUSE) It was a potion of resistance.
You feel protected. Menkaure hits you!
You die...

Skill      XL: |  1  2  3  4 |
---------------+-------------+-----
Axes           | 3 |  3.7
Fighting       | 3 4 |  4.2
Throwing       | |  1.7
Armour         | |  0.6
Dodging        | |  2.6

Action                   |  1- 3 |  4- 6 || total
-------------------------+-------+-------++-------
Melee: War axe           |    70 |    61 ||   131
       Headbutt          |    11 |    10 ||    21
       Punch             |       |     1 ||     1
  Use: Scroll            |     3 |     6 ||     9
       Potion            |     1 |     3 ||     4
Armor: Leather armour    |     8 |       ||     8
       Ring mail         |    19 |    21 ||    40
       Plate armour      |       |    14 ||    14
Dodge: Dodged            |    57 |    34 ||    91

Levels and vault maps discovered:
D:1:      co_arrival_random_square_maze, layout_basic
D:2:      layout_basic, basic_altar, minmay_cut_off, uniq_jessica, uniq_robin
D:3:      layout_basic, minmay_crystal_room
D:4:      layout_loops_ring, kennysheep_pointless_box, minivault_4,
          chequers_jeans, uniq_menkaure

Notes
Turn   | Place    | Note
-------+----------+-------------------------------------------
     0 | D:1      | ytrimaz the Demonspawn Gladiator began the quest for the
                  | Orb.
     0 | D:1      | Reached XP level 1. HP: 16/16 MP: 1/1
     0 | D:1      | magus.rc [v1.9.6]
   186 | D:1      | Gained mutation: You have a pair of small horns on your
                  | head. [demonic ancestry]
   186 | D:1      | Reached XP level 2. HP: 23/23 MP: 2/2
   532 | D:1      | Reached skill level 3 in Axes
   818 | D:1      | Reached skill level 3 in Fighting
  1014 | D:2      | Found a stormy altar of Qazlal.
  1014 | D:2      | Noticed Robin
  1025 | D:2      | Reached XP level 3. HP: 20/29 MP: 3/3
  1034 | D:2      | Killed Robin
  1052 | D:2      | Gained mutation: You regenerate magic rapidly. [demonic
                  | ancestry]
  1052 | D:2      | Reached XP level 4. HP: 14/37 MP: 4/4
  1879 | D:2      | Noticed Jessica
  1886 | D:2      | Killed Jessica
  1887 | D:2      | Reached skill level 4 in Fighting
  2074 | D:3      | You add the spells Tukima's Dance, Passage of Golubria and
                  | Yara's Violent Unravelling to your library.
  2746 | D:4      | Noticed Menkaure
  2754 | D:4      | HP: 9/37 [Menkaure (15)]
  2755 | D:4      | HP: 4/37 [Menkaure (6)]
  2757 | D:4      | HP: 1/37 [Menkaure (11)]
  2758 | D:4      | Mangled by Menkaure

Vanquished Creatures
  Jessica (D:2)
  Robin (D:2)
  3 adders
  2 orcs
  5 bats
  5 endoplasms
  3 giant cockroaches
  15 goblins
  8 hobgoblins
  4 quokkas
  6 ball pythons
  2 frilled lizards
  6 kobolds
  3 rats (D:1)
64 creatures vanquished.

Table legend:
 A = Non-vault XP
 B = Vault XP
 C = Vault XP percentage of total XP
 D = Non-vault monster count
 E = Vault monster count
 F = Vault count percentage of total count
                 A         B        C        D         E       F
            +---------+---------+-------+---------+---------+-------
      Total |     115 |      76 |  39.8 |      48 |      16 |  25.0
            +---------+---------+-------+---------+---------+-------
        D:1 |      32 |       0 |   0.0 |      21 |       0 |   0.0
        D:2 |      51 |      76 |  59.8 |      17 |      16 |  48.5
        D:3 |      25 |       0 |   0.0 |       7 |       0 |   0.0
        D:4 |       7 |       0 |   0.0 |       3 |       0 |   0.0
            +---------+---------+-------+---------+---------+-------

Illustrated notes

Table legend:
 A = Kills in this place as a percentage of kills in entire the game.
 B = Kills by you in this place as a percentage of kills by you in the entire game.
 C = Kills by friends in this place as a percentage of kills by friends in the entire game.
 D = Other kills in this place as a percentage of other kills in the entire game.
 E = Experience gained in this place as a percentage of experience gained in the entire game.
 F = Experience gained in this place divided by the number of levels of this place that you have seen.
                   A       B       C       D       E      F
               +-------+-------+-------+-------+-------+----------------------
         Total | 100.0 | 100.0 |   N/A |   N/A | 100.0 |  47.8
       Dungeon | 100.0 | 100.0 |   N/A |   N/A | 100.0 |  47.8
               +-------+-------+-------+-------+-------+----------------------

Table legend: (Time is in decaauts)
 A = Elapsed time spent in this place.
 B = Non-inter-level travel time spent in this place.
 C = Inter-level travel time spent in this place.
 D = Time resting spent in this place.
 E = Time spent auto-exploring this place.
 F = Levels seen in this place.
 G = Mean time per level.
                   A        B        C        D        E       F      G
               +--------+--------+--------+--------+--------+-----+--------+
         Total |   2801 |   2670 |    131 |    104 |   2068 |   4 |  700.2 |
       Dungeon |   2801 |   2670 |    131 |    104 |   2068 |   4 |  700.2 |
               +--------+--------+--------+--------+--------+-----+--------+

Top non-repeatable levels by time:
     D:2: 1109 daAuts
     D:1: 985 daAuts
     D:3: 637 daAuts
     D:4: 69 daAuts
